 Dungeon Crawl Stone Soup version 0.29-a0-529-gfa20dd96a1 (webtiles) character file.

Game seed: 1120269566838236425

4 zishaf the Charlatan (level 1, -3/15 HPs)
             Began as a Demigod Wanderer on June 1, 2022.
             Slain by a goblin
             ... wielding a +0 dagger
              (4 damage)
             ... on level 1 of the Dungeon.
             The game lasted 00:00:26 (519 turns).

zishaf the Charlatan (Demigod Wanderer)              Turns: 519, Time: 00:00:27

Health: -3/15      AC:  2    Str: 12    XL:     1   Next: 46%
Magic:  4/4        EV: 11    Int: 17    God:
Gold:   19         SH:  0    Dex: 11    Spells: 1/2 levels left

rFire   . . .      SeeInvis .   a - +0 falchion
rCold   . . .      Faith    .   (no shield)
rNeg    . . .      Spirit   .   d - +0 robe
rPois   .          Reflect  .   (no helmet)
rElec   .          Harm     .   (no cloak)
rCorr   .          Rampage  .   (no gloves)
Will    .....                   (no boots)
Stlth   +.........              (no amulet)
HPRegen 0.05/turn               (no ring)
MPRegen 0.09/turn               (no ring)

@: no status effects
A: high MP 1, forlorn, divine attributes
a: no special abilities


You were on level 1 of the Dungeon.
You visited 1 branch of the dungeon, and saw 1 of its levels.

You collected 19 gold pieces.

Inventory:

Hand Weapons
 a - a +0 falchion (weapon)
Armour
 d - a +0 robe (worn)
Wands
 b - a wand of flame (3)
Scrolls
 c - a scroll of blinking


   Skills:
 + Level 0.3 Fighting
 + Level 1.9 Long Blades
 - Level 1.0 Spellcasting
 + Level 2.8 Translocations
 - Level 3.6 Evocations


You had one spell level left.
You knew the following spells:

 Your Spells              Type           Power      Damage    Failure   Level
a - Apportation           Tloc           20%        N/A       7%          1

Your spell library contained the following spells:

 Spells                   Type           Power      Damage    Failure   Level
 Blink                    Tloc           20%        N/A       11%         2
 Passage of Golubria      Tloc           10%        N/A       56%         4


Dungeon Overview and Level Annotations

Branches:
Dungeon (1/15)


Innate Abilities, Weirdness & Mutations

You have an increased reservoir of magic. (+10% MP)
You shall have no god before yourself.
Your divine heritage dramatically boosts your attributes as you level up.


Message History

No target in view!
You see here a ball python corpse.
You now have 19 gold pieces (gained 8).
You open the door.
There is an open door here.
There is an open door here.
There is an open door here.
A bat comes into view.
The bat hits you but does no damage.
You closely miss the bat. The bat misses you. The bat hits you.
The bat hits you but does no damage.
You slash the bat!
You kill the bat!
No target in view!
A giant cockroach comes into view.
The giant cockroach barely misses you. The giant cockroach bites you.
You closely miss the giant cockroach. The giant cockroach barely misses you.
You hit the giant cockroach.
You kill the giant cockroach!
No target in view!
You see here a giant cockroach corpse.
A goblin comes into view. It is wielding a +0 dagger.
You barely miss the goblin. The goblin hits you with a +0 dagger.
You closely miss the goblin. The goblin hits you with a +0 dagger.
You miss the goblin. The goblin hits you but does no damage.
You closely miss the goblin. The goblin hits you with a +0 dagger.
You closely miss the goblin.
The goblin hits you with a +0 dagger. x2
You are too injured to fight recklessly!
You are too injured to fight recklessly!
You barely miss the goblin. The goblin hits you with a +0 dagger.
You closely miss the goblin. The goblin hits you with a +0 dagger.
* * * LOW HITPOINT WARNING * * *
You hit the goblin but do no damage. The goblin hits you with a +0 dagger.
* * * LOW HITPOINT WARNING * * *
You closely miss the goblin. The goblin hits you with a +0 dagger.
* * * LOW HITPOINT WARNING * * *
You closely miss the goblin. The goblin completely misses you.
The goblin hits you with a +0 dagger.
You die...

#.# #.# #.# #.#
##.## ####...##
+..g....# #@..#
##.## #.# #.# #.#
#. #.## #.# #..# #
##.##########.#
#.##.........†...#


You could see a goblin.

Vanquished Creatures
  A bat (D:1)
  A giant cockroach (D:1)
  A goblin (D:1)
  A ball python (D:1)
4 creatures vanquished.

Notes
Turn   | Place    | Note
-------+----------+-------------------------------------------
     0 | D:1      | zishaf the Demigod Wanderer began the quest for the Orb.
     0 | D:1      | zishaf set off with the following items: a +0 falchion, a
                  | wand of flame (3), a scroll of blinking, a +0 robe; and the
                  | following spell memorised: Apportation; and the following
                  | spells available to memorise: Blink, Passage of Golubria
     0 | D:1      | Reached XP level 1. HP: 14/14 MP: 4/4
   519 | D:1      | Slain by a goblin

Illustrated notes

Levels and vault maps discovered:
D:1:      matt_arrival_spirals, layout_loops_corners, basic_ecumenical_altar,
          bh_walls_and_bars

Action                   || total
-------------------------++-------
Melee: Falchion          ||    20
Armor: Robe              ||     3
Dodge: Dodged            ||     6

Table legend: (Time is in decaauts)
 A = Elapsed time spent in this place.
 B = Non-inter-level travel time spent in this place.
 C = Inter-level travel time spent in this place.
 D = Time resting spent in this place.
 E = Time spent auto-exploring this place.
 F = Levels seen in this place.
 G = Mean time per level.
                   A        B        C        D        E       F      G
               +--------+--------+--------+--------+--------+-----+--------+
         Total |    522 |    522 |      0 |      0 |    485 |   1 |  522.0 |
       Dungeon |    522 |    522 |      0 |      0 |    485 |   1 |  522.0 |
               +--------+--------+--------+--------+--------+-----+--------+

Top non-repeatable levels by time:
     D:1: 522 daAuts
